 Dungeon Crawl Stone Soup version 0.16-a0-3724-gf14d081 (webtiles) character file.

2347 vatarom the Envoy of Void (level 9, -11/50 HPs)
             Began as a Merfolk Abyssal Knight on Jan 21, 2015.
             Was a High Priest of Lugonu.
             Killed from afar by a wretched star (29 damage)
             ... with an orb of energy
             ... on level 1 of the Abyss.
             The game lasted 00:15:10 (7179 turns).

vatarom the Envoy of Void (Merfolk Abyssal Knight)  Turns: 7179, Time: 00:15:10

Health: -11/50     AC:  6    Str: 13    XL:     9   Next: 43%
Magic:  18/18      EV: 18    Int: 11    God:    Lugonu [*****.]
Gold:   253        SH:  0    Dex: 14    Spells: 0 memorised, 8 levels left

rFire  . . .     SeeInvis .     x - +0 glaive
rCold  . . .     Rnd*Rage +     b - +0 leather armour
rNeg   . . .     SustAb   .     (no shield)
rPois  .         Gourm    .     v - +1 helmet
rElec  .         Spirit   .     (no cloak)
rCorr  .         Warding  .     (no gloves)
rMut   .         Stasis   .     e - +0 pair of boots
MR     .....                    d - amulet of faith (curse)
Stlth  +.........               o - +3 ring of evasion
                                n - +2 ring of intelligence (curse)

@: not resistant to hostile enchantments, very unstealthy
A: change form in water, swift swim, fangs 1, berserk 1, dopey 1, frail 3, low
mp 1, screaming 1, weak 1, wild magic 1
a: Depart the Abyss, Bend Space, Banish, Corrupt, Enter the Abyss, Renounce
Religion


You were on level 1 of the Abyss.
You worshipped Lugonu.
Lugonu was extremely pleased with you.
You were not hungry.

You visited 1 branch of the dungeon, and saw 7 of its levels.
You visited the Abyss 2 times.
You also visited: Ossuary.

You collected 253 gold pieces.

Inventory:

Hand weapons
 a - a +2 spear
 u - a +0 trident
 x - a +0 glaive (weapon)
Armour
 b - a +0 leather armour (worn)
 e - a +0 pair of boots (worn)
 j - a +2 buckler of reflection
 v - a +1 helmet (worn)
Jewellery
 d - a cursed amulet of faith (around neck)
 n - a cursed +2 ring of intelligence (left hand)
 o - a +3 ring of evasion (right hand)
Scrolls
 f - a scroll of holy word
 h - 4 scrolls of remove curse
 k - 5 scrolls of identify
 l - 2 scrolls of teleportation
 q - a scroll of recharging
 r - 3 scrolls of enchant weapon
Potions
 m - a potion of poison
 p - a potion of restore abilities
 s - 4 potions of agility
Books
 t - a Fen Folio

   Spells                             Type                      Level
   a - Corpse Rot                     Necromancy                   2
   b - Stone Arrow                    Conjuration/Earth            3
   c - Leda's Liquefaction            Hexes/Earth                  4
   d - Summon Forest                  Summoning/Translocation      5
   e - Hydra Form                     Transmutation                6
   f - Summon Hydra                   Summoning                    7
Comestibles
 g - 2 meat rations
 i - 2 royal jellies


   Skills:
 + Level 7.3 Fighting
 - Level 7.0 Polearms
 - Level 0.6 Armour
 - Level 7.2 Dodging
 - Level 9.3 Invocations


You had 8 spell levels left.
You didn't know any spells.

Dungeon Overview and Level Annotations

Branches:
Dungeon (8/15)             Temple (0/1) D:4
   Lair: D:8-11

Altars:
Dithmenos
Kikubaaqudgha
Trog
Xom

Shops:
D:4 [==:   D:7 (

Annotations:
D:4 exclusion: moth of wrath


Innate Abilities, Weirdness & Mutations

You revert to your normal form in water.
You are very nimble and swift while swimming.
You have very sharp teeth.
Your magical capacity is low (-10% MP).
Your spells are a little harder to cast, but a little more powerful.
[You tend to lose your temper in combat.]
[You are dopey. (Int -2)]
[You are extremely frail (-30% HP).]
[You occasionally shout uncontrollably at your foes.]
[You are weak. (Str -2)]


Message History

You feel the urge to shout.
You feel frail.
You feel weaker.
You closely miss the wretched star.
You bite the wretched star, but do no damage.
The wretched star is moderately damaged.
The wretched star pulses with an eldritch light!
You feel stupid.
You feel a little pissed off.
You feel frail.
You barely miss the wretched star.
The wretched star is moderately damaged.
The wretched star glows turbulently.
The orb of energy hits you!
You closely miss the wretched star.
The wretched star is moderately damaged.
You hit the wretched star but do no damage.
The wretched star is moderately damaged.
You hit the wretched star but do no damage.
The wretched star is moderately damaged.
The wretched star glows turbulently.
The orb of energy hits you!
Ouch! That really hurt!
You die...

##
###.#######
#.....@*..#
#.######∩#.#
..# .. .# .
... . . .. .


You could see a wretched star.

Vanquished Creatures
  A sky beast (D:7)
  A necrophage (D:7)
  2 ice beasts
  2 centaurs
  The ghost of Ybris the Slasher, an average DsCK of Xom (D:4)
  2 ogres
  2 giant frogs
  4 water moccasin zombies
  4 hounds
  3 crimson imps (D:5)
  An orc priest (D:7)
  A centaur skeleton (D:7)
  A jelly (D:7)
  2 giant frog skeletons
  4 worker ants
  An orc wizard (D:7)
  An iguana (D:7)
  3 big kobold zombies (Ossuary)
  2 hound skeletons (D:7)
  2 mummies (Ossuary)
  A worker ant zombie (D:5)
  6 adders
  3 giant mites
  6 worms
  5 adder zombies (Ossuary)
  An ooze (D:2)
  10 orcs
  2 ball pythons
  8 bats
  5 giant cockroaches
  3 gnoll zombies (Ossuary)
  11 goblins
  13 hobgoblins
  11 kobolds
  2 quokkas
  2 giant geckos (D:3)
  A giant gecko skeleton (D:4)
  7 giant newts
  A giant spore (D:7)
  6 hobgoblin zombies (Ossuary)
  13 jackals
  7 kobold zombies (Ossuary)
  3 orc zombies (Ossuary)
  19 rats
  A ballistomycete (D:7)
187 creatures vanquished.

Vanquished Creatures (others)
  3 yaks (D:5)
  A human (D:2)
  A scorpion (D:7)
  2 crimson imps (D:5)
  A big kobold zombie (Ossuary)
  A kobold (D:7)
9 creatures vanquished.

Grand Total: 196 creatures vanquished

Notes
Turn   | Place    | Note
--------------------------------------------------------------
     0 | Abyss:1  | vatarom, the Merfolk Abyssal Knight, began the quest for the Orb.
     0 | Abyss:1  | Reached XP level 1. HP: 18/18 MP: 1/1
    37 | D:1      | Escaped the Abyss
   163 | D:1      | Reached skill level 4 in Polearms
   163 | D:1      | Reached XP level 2. HP: 24/24 MP: 2/2
   231 | D:1      | Acquired Lugonu's second power
   591 | D:1      | HP: 1/24 [goblin/dagger (3)]
   617 | D:1      | Reached XP level 3. HP: 3/29 MP: 3/3
  1039 | D:2      | Reached skill level 5 in Polearms
  1140 | D:2      | Acquired Lugonu's third power
  1238 | D:2      | Found an ancient bone altar of Kikubaaqudgha.
  1242 | D:2      | Noticed a human
  1243 | D:2      | Killed a human
  1272 | D:2      | Reached skill level 6 in Polearms
  1338 | D:2      | Reached XP level 4. HP: 15/35 MP: 5/5
  1652 | D:2      | Acquired Lugonu's fourth power
  1857 | D:2      | Reached skill level 7 in Polearms
  1981 | D:3      | Reached XP level 5. HP: 35/41 MP: 6/6
  2268 | D:3      | Acquired Lugonu's fifth power
  2446 | D:3      | Found a shimmering altar of Xom.
  2696 | D:4      | Found Owitiaps' Jewellery Emporium.
  2724 | D:4      | Reached skill level 5 in Fighting
  2787 | D:4      | Reached XP level 6. HP: 40/51 MP: 7/7
  2885 | D:4      | Found a sand-covered staircase.
  2897 | Ossuary  | Entered an ossuary
  2998 | Ossuary  | Reached skill level 5 in Dodging
  3249 | Ossuary  | Reached XP level 7. HP: 39/56 MP: 9/9
  3551 | D:4      | Found Fidyzooz's Book Boutique.
  3613 | D:4      | Found Foqus' Jewellery Boutique.
  3637 | D:4      | Found a staircase to the Ecumenical Temple.
  3646 | D:4      | Found Qaafue's Armour Emporium.
  3705 | D:4      | Noticed a moth of wrath
  3707 | D:4      | Found a bloodstained altar of Trog.
  4047 | D:4      | Noticed Ybris' ghost (average DsCK)
  4100 | D:4      | Killed Ybris' ghost
  4326 | D:4      | Noticed an ogre
  4334 | D:4      | Killed an ogre
  4380 | D:4      | Found a shadowy altar of Dithmenos.
  4572 | D:5      | Entered Level 5 of the Dungeon
  4628 | D:5      | Reached XP level 8. HP: 57/62 MP: 15/15
  4639 | D:5      | Reached skill level 5 in Invocations
  4685 | D:5      | Gained mutation: Your spells are a little harder to cast, but a little more powerful. [potion of mutation]
  4685 | D:5      | Gained mutation: [You are frail (-10% HP).] [potion of mutation]
  4685 | D:5      | Gained mutation: You have very sharp teeth. [potion of mutation]
  5350 | D:5      | Noticed a yak
  5350 | D:5      | Noticed a yak
  5351 | D:5      | Noticed a yak
  5352 | D:5      | Noticed a yak
  5365 | D:5      | Banished a yak
  5366 | D:5      | Banished a yak
  5367 | D:5      | Banished a yak
  5409 | D:5      | You fall through a shaft for 2 floors!
  5465 | D:7      | HP: 2/55 [poisoned by a scorpion]
  5473 | D:7      | HP: 2/55 [poisoned by a scorpion]
  5813 | D:7      | Reached skill level 8 in Invocations
  6063 | D:7      | Reached skill level 9 in Invocations
  6063 | D:7      | Reached XP level 9. HP: 53/61 MP: 19/21
  6071 | D:7      | Gained mutation: Your magical capacity is low (-10% MP). [mutagenic meat]
  6608 | D:7      | Found Wuhaux's Weapon Emporium.
  6982 | D:8      | HP: 1/64 [orc warrior/halberd (19)]
  7172 | Abyss:1  | Noticed a wretched star
  7179 | Abyss:1  | Killed from afar by a wretched star

Action                   |  1- 3 |  4- 6 |  7- 9 || total
-------------------------+-------+-------+-------++-------
Melee: Spear             |   144 |   388 |   199 ||   731
       Trident           |       |       |   261 ||   261
       Glaive            |       |       |    91 ||    91
Invok: Banish            |       |     2 |     8 ||    10
       Bend Space        |       |     1 |       ||     1
       Enter the Abyss   |       |       |     1 ||     1
  Use: Scroll            |     3 |     2 |     9 ||    14
       Potion            |     2 |     3 |     7 ||    12
 Stab: Sleeping          |       |       |     1 ||     1
  Eat: Chunk             |     1 |       |     3 ||     4
       Bread ration      |       |     2 |     2 ||     4
       Beef jerky        |       |       |     3 ||     3
       Meat ration       |       |       |     1 ||     1
